 Dungeon Crawl Stone Soup version 0.29-a0-297-g7659ce593d (webtiles) character file.

Game seed: 5501744801022945032

1194 Dabor the Insei (level 8, -1/42 HPs)
             Began as a Vine Stalker Transmuter on Mar 22, 2022.
             Was an Initiate of Yredelemnul.
             Shot with an arrow by a centaur (3 damage)
             ... on level 5 of the Dungeon.
             The game lasted 00:14:49 (4739 turns).

Dabor the Insei (Vine Stalker Transmuter)           Turns: 4739, Time: 00:14:50

Health: -1/42      AC: 11    Str: 14    XL:     8   Next: 43%
Magic:  0/16       EV: 13    Int: 23    God:    Yredelemnul [......]
Gold:   192        SH:  0    Dex: 16    Spells: 13/16 levels left

rFire   . . .      SeeInvis .     - Unarmed
rCold   . . .      Faith    .   (no shield)
rNeg    . . .      Spirit   +   j - +3 robe of Beogh, Leaping {Int+4}
rPois   .          Reflect  .   (helmet currently unavailable)
rElec   .          Harm     .   l - +1 cloak
rCorr   .          Rampage  .   (no gloves)
Will    +....                   (boots currently unavailable)
Stlth   +.........              (no amulet)
HPRegen 0.94/turn               e - +4 ring of protection
MPRegen 0.15/turn               g - +6 ring of intelligence

@: appendages (expiring)
A: horns 2, talons 2, fangs 3, regeneration 1, magic shield, antimagic bite, no
potion heal 2
a: End Transformation, Renounce Religion, Recall Undead Harvest


You were on level 5 of the Dungeon.
You worshipped Yredelemnul.
Yredelemnul was noncommittal.
You had temporarily grown beastly horns and talons.
You visited 1 branch of the dungeon, and saw 5 of its levels.

You collected 192 gold pieces.

Inventory:

Armour
 a - a +0 robe
 j - the +3 robe of Beogh, Leaping (worn) {Int+4}
   (You found it on level 2 of the Dungeon)

   Int:       It affects your intelligence (+4).
 l - a +1 cloak (worn)
Jewellery
 e - a +4 ring of protection (left hand)
 g - a +6 ring of intelligence (right hand)
Wands
 m - a wand of flame (4)
Scrolls
 d - a scroll of immolation
 k - a scroll of vulnerability
 p - a scroll of noise {unknown}
 r - a scroll of identify {unknown}
Potions
 b - a potion of lignification
 c - a potion of might
 f - 2 potions of brilliance
 h - a potion of curing {unknown}
 i - a potion of berserk rage {unknown}
 n - a potion of attraction {unknown}
 o - a potion of flight
 q - a potion of haste {unknown}


   Skills:
 + Level 3.9 Fighting
 + Level 3.9 Dodging
 + Level 5.2 Unarmed Combat
 + Level 4.7 Spellcasting
 + Level 4.5 Transmutations
 + Level 1.4 Invocations


You had 13 spell levels left.
You knew the following spells:

 Your Spells              Type           Power      Damage    Failure   Level
a - Beastly Appendage     Tmut           52%        N/A       1%          1
b - Wereblood             Tmut           26%        N/A       2%          2

Your spell library contained the following spells:

 Spells                   Type           Power      Damage    Failure   Level
 Spider Form              Tmut/Pois      16%        N/A       12%         3
 Corpse Rot               Necr/Air       10%        N/A       14%         2
 Ice Form                 Ice/Tmut       16%        N/A       36%         4
 Dispel Undead            Necr           5%         3d7       67%         4
 Death Channel            Necr           Unusable   N/A       N/A         6

Dungeon Overview and Level Annotations

Branches:
Dungeon (5/15)
 Temple: D:4-7

Altars:
Uskayaw
Yredelemnul
Zin

Shops:
D:4 :


Innate Abilities, Weirdness & Mutations

You have temporarily grown beastly horns and talons.
You have razor-sharp teeth.
Your natural rate of healing is unusually fast.
When hurt, damage is shared between your health and your magic reserves.
Your bite disrupts and absorbs the magic of your enemies.
Potions cannot restore your health.


Message History

The orc hits your hound zombie with a +0 mace.
The centaur shoots an arrow.
The arrow hits you.
* * * LOW HITPOINT WARNING * * *
Your hound zombie bites the gnoll.
The centaur shoots an arrow.
The arrow hits you!
* * * LOW HITPOINT WARNING * * *
Your hound zombie barely misses the centaur.
Okay, then.
You begin recalling your allies.
Your hound zombie is recalled.
You finish recalling your allies.
The gnoll hits you from afar with a +0 spear.
* * * LOW HITPOINT WARNING * * *
You swap places.
The gnoll hits your hound zombie with a +0 spear.
Your hound zombie bites the gnoll.
Your hound zombie bites the gnoll but does no damage.
The gnoll barely misses your hound zombie.
Your primal bloodlust has ended.
Your hound zombie bites the gnoll.
The gnoll dies!
A black mist starts to gather...
The orc priest closely misses your hound zombie.
Your hound zombie barely misses the centaur.
The centaur shoots an arrow.
The arrow barely misses your hound zombie.
The arrow closely misses you.
The orc priest looks encouraged for a moment.
Your hound zombie bites the centaur but does no damage.
The centaur shoots an arrow.
The arrow hits your hound zombie.
Your hound zombie is destroyed!
Your transformation is almost over.
The centaur shoots an arrow.
The arrow hits you!
* * * LOW HITPOINT WARNING * * *
The orc priest calls down the wrath of Beogh upon you.
Beogh smites you!
* * * LOW HITPOINT WARNING * * *
The centaur shoots an arrow.
The arrow hits you.
You die...
Your body rises from the dead as a mindless zombie.

.........##.#..## ..#
................##..#
.........##....##...#
#.......##..##......#
.........#..#...#...#
##≈###.........####.#
#≈ #.....##...#...+
#≈#.###............+
#≈#......###@......+
#≈#.###.###........#
#≈ #..........>#..#
≈###....[.....###.#
.......#........# #
.......#.....#.....
.............##...#
.........[c.## #..#
##.....###.o# .##


You could see a centaur.

Vanquished Creatures
  Grinder (D:3)
  Edmund (D:5)
  Menkaure (D:4)
  Duvessa (D:3)
  2 scorpions
  Dowan (D:3)
  2 hounds (D:5)
  An orc priest (D:5)
  2 jellies (D:4)
  Jessica (D:3)
  An orc wizard (D:3)
  9 gnolls
  5 adders
  3 worms
  2 dart slugs
  6 orcs
  5 endoplasms
  2 giant cockroaches
  6 goblins
  9 hobgoblins
  11 ball pythons
  2 bats (D:1)
  8 frilled lizards
  11 kobolds
  5 rats
98 creatures vanquished.

Vanquished Creatures (collateral kills)
  An iguana (D:4)
  2 gnolls (D:5)
  A dart slug (D:3)
  2 orcs
  A hobgoblin (D:2)
  A quokka (D:2)
  2 ball pythons
10 creatures vanquished.

Vanquished Creatures (others)
  A hound zombie (D:5)
  A worm zombie (D:2)
  An adder zombie (D:2)
  4 ball python zombies
  2 frilled lizard zombies (D:3)
  4 gnoll zombies (D:5)
  A goblin zombie (D:3)
  2 hobgoblin zombies (D:2)
  A human zombie (D:3)
  3 kobold zombies (D:3)
  4 orc zombies
  A quokka zombie (D:2)
  2 rat zombies (D:3)
  2 spectral endoplasms
  5 plants (D:3)
34 creatures vanquished.

Grand Total: 142 creatures vanquished

Notes
Turn   | Place    | Note
-------+----------+-------------------------------------------
     0 | D:1      | Dabor the Vine Stalker Transmuter began the quest for the
                  | Orb.
     0 | D:1      | Reached XP level 1. HP: 9/9 MP: 4/4
   175 | D:1      | Reached skill level 1 in Fighting
   350 | D:1      | Reached XP level 2. HP: 14/14 MP: 4/6
   939 | D:1      | Found a faded altar of an unknown god.
   951 | D:1      | Prayed at the altar of an unknown god.
   951 | D:1      | Became a worshipper of Yredelemnul the Dark
   951 | D:1      | Reached * piety under Yredelemnul
  1049 | D:1      | Reached XP level 3. HP: 18/18 MP: 7/7
  1349 | D:2      | Learned a level 2 spell: Wereblood
  1362 | D:2      | Identified the +3 robe of Beogh, Leaping {Int+4}
  2189 | D:2      | Gained mutation: Your natural rate of healing is unusually
                  | fast. [Vine Stalker growth]
  2189 | D:2      | Reached XP level 4. HP: 22/22 MP: 7/9
  2875 | D:3      | Noticed Grinder
  2893 | D:3      | Killed Grinder
  2894 | D:3      | Reached skill level 4 in Unarmed Combat
  2894 | D:3      | Reached XP level 5. HP: 26/27 MP: 9/11
  2894 | D:3      | Reached XP level 6. HP: 31/32 MP: 9/12
  3111 | D:3      | Found the +14 obsidian axe {vorpal, Mesm Drain Fly SInv}
  3131 | D:3      | Reached ** piety under Yredelemnul
  3236 | D:3      | Reached *** piety under Yredelemnul
  3349 | D:3      | Noticed Jessica
  3354 | D:3      | Killed Jessica
  3461 | D:3      | Found a glowing silver altar of Zin.
  3628 | D:3      | Your ally Jessica died
  3692 | D:4      | Noticed Duvessa
  3692 | D:4      | Noticed Dowan
  3711 | D:3      | Killed Duvessa
  3712 | D:3      | Reached XP level 7. HP: 23/35 MP: 5/13
  3719 | D:3      | Killed Dowan
  3816 | D:4      | Found Rofeydiu's Book Shop.
  4082 | D:4      | Noticed Menkaure
  4094 | D:4      | Killed Menkaure
  4460 | D:4      | Gained mutation: You have razor-sharp teeth. [Vine Stalker
                  | growth]
  4460 | D:4      | Reached XP level 8. HP: 40/40 MP: 15/15
  4595 | D:5      | Entered Level 5 of the Dungeon
  4637 | D:5      | Found a hide-covered altar of Uskayaw.
  4672 | D:5      | Reached skill level 5 in Unarmed Combat
  4699 | D:5      | Noticed Edmund
  4719 | D:5      | Reached skill level 1 in Invocations
  4728 | D:5      | Killed Edmund
  4738 | D:5      | HP: 1/42 [orc priest/divine providence (8)]
  4739 | D:5      | Shot with an arrow by a centaur

Illustrated notes

Levels and vault maps discovered:
D:1:      wheals_arrival_shading, layout_loops_ring,
          chequers_ecumenical_altar_simple_redux
D:2:      layout_basic, nrook_mini_vaults
D:3:      layout_rooms, zin_statuary, serial_corexii_hall,
          corexii_hall_statues_x, corexii_hall_statues_deadend,
          minmay_statues_item, serial_bayou_ford_a, grunt_decor_clamped,
          lexackson_kobold_supper, uniq_grinder, uniq_jessica
D:4:      layout_cave_pods, serial_shops, shop, st_stairs_7, uniq_menkaure,
          uniq_duvessa
D:5:      layout_cave_pools, mainiacjoe_overflow_brackets,
          mainiacjoe_overflow_big_doors, serial_shops, shop,
          corexii_hall_statues_s, grunt_decor_cap, uniq_edmund, uniq_ijyb

Skill      XL: |  1  2  3  4  5  6  7  8 |
---------------+-------------------------+-----
Fighting       | 1 2 3 |  3.9
Dodging        | 2 3 |  3.9
Unarmed Combat | 4 5 |  5.2
Spellcasting   | 3 4 |  4.7
Transmutations | 3 4 |  4.5
Invocations    | 1 |  1.4

Action                   |  1- 3 |  4- 6 |  7- 9 || total
-------------------------+-------+-------+-------++-------
Melee: Unarmed           |   114 |   117 |    81 ||   312
       Bite              |    21 |    33 |    31 ||    85
       Kick              |     7 |    23 |    29 ||    59
       Headbutt          |     8 |    17 |    18 ||    43
       Punch             |     1 |     4 |     3 ||     8
 Cast: Beastly Appendage |    14 |    13 |     8 ||    35
       Wereblood         |     1 |     2 |     4 ||     7
Invok: Recall Undead Har |       |       |     2 ||     2
       Dark Bargain      |       |       |     2 ||     2
  Use: Scroll            |       |     5 |       ||     5
       Potion            |       |     3 |       ||     3
 Stab: Sleeping          |     3 |     1 |     1 ||     5
Armor: Robe              |    32 |    24 |    36 ||    92
Dodge: Dodged            |    63 |    47 |    61 ||   171

Table legend: (Time is in decaauts)
 A = Elapsed time spent in this place.
 B = Non-inter-level travel time spent in this place.
 C = Inter-level travel time spent in this place.
 D = Time resting spent in this place.
 E = Time spent auto-exploring this place.
 F = Levels seen in this place.
 G = Mean time per level.
                   A        B        C        D        E       F      G
               +--------+--------+--------+--------+--------+-----+--------+
         Total |   4729 |   4486 |    243 |      0 |   3518 |   5 |  945.8 |
       Dungeon |   4729 |   4486 |    243 |      0 |   3518 |   5 |  945.8 |
               +--------+--------+--------+--------+--------+-----+--------+

Top non-repeatable levels by time:
     D:1: 1449 daAuts
     D:2: 1324 daAuts
     D:3: 994 daAuts
     D:4: 829 daAuts
     D:5: 131 daAuts
